[Event "ICCopen2016"]
[Site "Internet Chess Club"]
[Date "2016.06.04"]
[Round "5"]
[White "milinanana"]
[Black "DrOussedik"]
[Result "0-1"]
[ICCResult "White resigns"]
[WhiteElo "1808"]
[BlackElo "2145"]
[Opening "Benoni: fianchetto variation"]
[ECO "A62"]
[NIC "BI.24"]
[Time "14:43:47"]
[TimeControl "180+0"]

1. d4 e6 2. c4 Nf6 3. g3 c5 4. d5 exd5 5. cxd5 d6 6. Nc3 g6 7. Nf3 Bg7 8.
Bg2 O-O 9. O-O Nh5 10. Bg5 f6 11. Be3 a6 12. a4 f5 13. Bg5 Bf6 14. Qd2 Nd7
15. e4 f4 16. Bh6 Bg7 17. Bg5 Qe8 18. Rae1 Ne5 19. gxf4 Nc4 20. Qe2 b5 21.
axb5 axb5 22. e5 Nxf4 23. Bxf4 Rxf4 24. exd6 Qxe2 25. Rxe2 Nxd6 26. Ne5 b4
27. Nd1 Ba6 28. Rfe1 Bxe2 29. Rxe2 Re8 30. Nd3 Rxe2 31. Nxf4 Re1+ 32. Bf1
Rxd1 33. Kg2 Be5 34. Ne6 Rxd5 35. Bc4 Nxc4 {White resigns} 0-1

[Event "ICCopen2016"]
[Site "Internet Chess Club"]
[Date "2016.06.04"]
[Round "5"]
[White "pawelwaw"]
[Black "MasterDanielX"]
[Result "0-1"]
[ICCResult "White checkmated"]
[WhiteElo "1554"]
[BlackElo "1997"]
[Opening "Latvian counter-gambit"]
[ECO "C40"]
[NIC "KP.09"]
[Time "14:45:08"]
[TimeControl "180+0"]

1. e4 e5 2. Nf3 f5 3. Nxe5 Qf6 4. d4 d6 5. Bc4 dxe5 6. dxe5 Qxe5 7. O-O fxe4
8. Re1 Nf6 9. Nc3 Bd6 10. g3 Bf5 11. Bf4 Qc5 12. Bb5+ Nbd7 13. Be3 Qe5 14.
Bd4 Qe7 15. f3 O-O-O 16. Bxa7 Bc5+ 17. Bxc5 Qxc5+ 18. Kh1 Ne5 19. Qe2 Nxf3
20. b4 Qxc3 21. Reb1 Rd2 22. Qf1 Rxh2# {White checkmated} 0-1

[Event "ICCopen2016"]
[Site "Internet Chess Club"]
[Date "2016.06.04"]
[Round "5"]
[White "KAPAMA3OB"]
[Black "SeniorNapa"]
[Result "1-0"]
[ICCResult "Black resigns"]
[WhiteElo "2706"]
[BlackElo "1852"]
[Opening "Sicilian defense"]
[ECO "B40"]
[NIC "SI.43"]
[Time "14:44:14"]
[TimeControl "180+0"]

1. e4 c5 2. Nf3 e6 3. c3 Nf6 4. d3 d5 5. e5 Nfd7 6. d4 Nc6 7. Be2 Qb6 8. a3
Be7 9. b4 cxd4 10. cxd4 f6 11. exf6 Bxf6 12. Be3 O-O 13. O-O a6 14. Nc3 Ne7
15. Na4 Qd6 16. Qd2 Nf5 17. Bf4 Qe7 18. Nc5 b6 19. Nxd7 Bxd7 20. Rfe1 Qf7
21. Bf1 h6 22. Ne5 Bxe5 23. Bxe5 Bb5 24. Rac1 Rac8 25. f3 Nh4 26. Kh1 Qg6
27. Bg3 Nf5 28. Bf2 Bxf1 29. Rxf1 Nd6 30. Qe2 Nc4 31. a4 b5 32. a5 Rf4 33.
Rfe1 Re8 34. Rcd1 Rf5 35. Bg3 Rh5 36. Kg1 Rg5 37. Qf2 h5 38. Re2 Rf5 39.
Rde1 Rf6 40. Kh1 Ref8 41. h3 Qd3 42. Be5 Rg6 43. Kh2 Qf5 44. Qh4 Qg5 45.
Qxg5 Rxg5 46. Bg3 Rg6 47. Rxe6 Rxe6 48. Rxe6 Ra8 49. Be5 Nxe5 50. Rxe5 Kf7
51. Rxd5 g6 52. Rd6 {Black resigns} 1-0

[Event "ICCopen2016"]
[Site "Internet Chess Club"]
[Date "2016.06.04"]
[Round "5"]
[White "Palenque"]
[Black "kaimann"]
[Result "0-1"]
[ICCResult "White forfeits on time"]
[WhiteElo "1629"]
[BlackElo "1989"]
[Opening "Alekhine's defense: exchange variation"]
[ECO "B02"]
[NIC "AL.08"]
[Time "14:44:04"]
[TimeControl "180+0"]

1. e4 Nf6 2. e5 Nd5 3. c4 Nb6 4. d4 d6 5. exd6 exd6 6. Nc3 Be7 7. Bd3 Nc6 8.
Nge2 Bg4 9. f3 Bh5 10. O-O Bg6 11. b3 O-O 12. Be3 Re8 13. Bf2 Bf6 14. Rc1
Bxd3 15. Qxd3 Nb4 16. Qd2 Nc6 17. Qd3 Nb4 18. Qd2 Nc6 19. Qd3 g6 20. Ne4 Bg7
21. Qd2 d5 22. Nc5 Rb8 23. cxd5 Qxd5 24. Nf4 Qf5 25. d5 Ne5 26. Rfd1 Qg5 27.
Kh1 Bh6 28. Bg3 Qd8 29. Qd4 Bg7 30. Qb4 Bf8 31. Qd4 Bg7 32. Qb4 a5 33. Qd2
Bh6 34. Qc3 Bg7 35. Qxa5 Ra8 36. Qd2 Qc8 37. d6 cxd6 {White forfeits on
time} 0-1

[Event "ICCopen2016"]
[Site "Internet Chess Club"]
[Date "2016.06.04"]
[Round "5"]
[White "danvenez"]
[Black "leonardoalmeida"]
[Result "1-0"]
[ICCResult "Black forfeits on time"]
[WhiteElo "1518"]
[BlackElo "1789"]
[Opening "Queen's pawn"]
[ECO "A40"]
[NIC "QO.17"]
[Time "14:44:14"]
[TimeControl "180+0"]

1. d4 e6 2. Nf3 c5 3. g3 Nf6 4. dxc5 Bxc5 5. Bg2 Qb6 6. O-O d5 7. c3 O-O 8.
Nbd2 Nc6 9. Nb3 Be7 10. Bf4 Nh5 11. Be3 Qd8 12. Nfd4 Nf6 13. Bd2 a6 14. Re1
e5 15. Nxc6 bxc6 16. e4 a5 17. exd5 cxd5 18. Nc1 e4 19. Bf4 Bc5 20. Ne2 Bg4
21. h3 Be6 22. Nd4 Qb6 23. Be3 Rac8 24. b3 Rfe8 25. Bf1 h6 26. a4 Red8 27.
Bb5 Qb8 28. Nxe6 fxe6 29. Bxc5 Rxc5 30. c4 Qe5 31. cxd5 exd5 32. Rc1 Rdc8
33. Rxc5 Rxc5 34. Qd2 h5 35. f4 Qc3 36. Qe3 d4 37. Qxc3 Rxc3 38. Kf2 Kh7 39.
Be2 Rc2 40. Kf1 d3 41. Bd1 Rh2 42. h4 Kh6 43. Kg1 Rb2 44. g4 hxg4 45. Bxg4
Nxg4 46. Rxe4 d2 47. Rd4 Rb1+ 48. Kg2 d1=Q 49. Rxd1 Rxd1 50. Kf3 Nf6 51. f5
Rd3+ 52. Kf4 Rc3 53. h5 Rc1 54. Ke5 Rb1 55. b4 Rxb4 56. Ke6 Rxa4 57. Kf7
{Black forfeits on time}
1-0

[Event "ICCopen2016"]
[Site "Internet Chess Club"]
[Date "2016.06.04"]
[Round "5"]
[White "PauldeRome"]
[Black "Govindan"]
[Result "1-0"]
[ICCResult "Black forfeits on time"]
[WhiteElo "1756"]
[BlackElo "1467"]
[Opening "Two knights defense (Modern bishop's opening)"]
[ECO "C55"]
[NIC "IG.01"]
[Time "14:43:54"]
[TimeControl "180+0"]

1. e4 e5 2. Nf3 Nc6 3. Bc4 Nf6 4. d3 Be7 5. Nc3 O-O 6. Be3 a6 7. h3 b5 8.
Bb3 Na5 9. O-O Nxb3 10. axb3 Bb7 11. Nxe5 d5 12. exd5 Nxd5 13. Nxd5 Qxd5 14.
Qf3 Qxf3 15. Nxf3 Bf6 16. Bd4 Be7 17. Rfe1 Bd6 18. Ne5 Rfe8 19. Ng4 c5 20.
Bc3 Kf8 21. Be5 Bxe5 22. Nxe5 Re7 23. Ng4 Rae8 24. Kf1 Bxg2+ 25. Kxg2 Rxe1
26. Rxa6 R1e2 27. c4 bxc4 28. bxc4 Rxb2 29. Kf3 h5 30. Ne3 Rb3 31. Rd6 Ke7
32. Rd5 g6 33. Re5+ Kf8 34. Rd5 Ra3 35. Kf4 Rb8 36. h4 Kg7 37. Rd7 Rbb3 38.
Ke4 Rc3 39. f4 Rcb3 40. f5 Rb1 41. f6+ {Black forfeits on time} 1-0

[Event "ICCopen2016"]
[Site "Internet Chess Club"]
[Date "2016.06.04"]
[Round "5"]
[White "paulohaddad"]
[Black "Chapo2"]
[Result "0-1"]
[ICCResult "White forfeits on time"]
[WhiteElo "1673"]
[BlackElo "1983"]
[Opening "Queen's pawn"]
[ECO "A40"]
[NIC "QO.17"]
[Time "14:43:57"]
[TimeControl "180+0"]

1. d4 e6 2. Nf3 d5 3. Bf4 Bd6 4. Bg3 c6 5. e3 f5 6. Ne5 Nf6 7. f4 O-O 8. Bd3
Nbd7 9. Nd2 Ne4 10. Nxe4 fxe4 11. O-O Be7 12. Be2 Nf6 13. Bh4 Bd7 14. Qe1
Be8 15. c4 Nd7 16. Bxe7 Qxe7 17. cxd5 exd5 18. Qg3 Rf6 19. Bg4 Nf8 20. h3
Rd8 21. Rac1 Rdd6 22. Qf2 Ng6 23. Nxg6 hxg6 24. a3 a6 25. b4 Rf8 26. Qg3
Rdf6 27. Qh4 R8f7 28. Rf2 Bd7 29. Bxd7 Qxd7 30. Rcf1 Qd6 31. Qg4 Rf5 32. h4
Qf6 33. g3 Rh5 34. Qe2 Rh8 35. Kg2 Kh7 36. g4 Kg8 37. g5 Qf5 38. Rh1 Rc7 39.
Kg3 Kf7 40. Qg4 Rd7 41. Qxf5+ gxf5 42. h5 Rd6 43. Kh4 Ke7 44. Rg2 Kf7 45.
g6+ Kf6 46. Rc2 Rh6 47. Rg1 Rd8 48. Rg5 Rdh8 49. a4 Ra8 50. b5 axb5 51. axb5
Rc8 52. bxc6 Rxc6 53. Rb2 b6 54. Rb5 Rd6 55. Rb4 Rh8 56. Rb5 Rb8 57. h6 gxh6
58. Rg2 Rg8 59. Rg3 Rxg6 60. Rxg6+ Kxg6 {White forfeits on time} 0-1

[Event "ICCopen2016"]
[Site "Internet Chess Club"]
[Date "2016.06.04"]
[Round "5"]
[White "OparinGrigoriy"]
[Black "DARKwizard1"]
[Result "0-1"]
[ICCResult "White resigns"]
[WhiteElo "2786"]
[BlackElo "2331"]
[Opening "KP: Nimzovich defense"]
[ECO "B00"]
[NIC "VO.04"]
[Time "14:44:53"]
[TimeControl "180+0"]

1. e4 Nc6 2. d4 e5 3. d5 Nce7 4. Nf3 d6 5. c4 Ng6 6. h4 h5 7. Nc3 Nf6 8. Be2
Be7 9. Bg5 Ng4 10. Bxe7 Qxe7 11. Qd2 a6 12. g3 Bd7 13. Rf1 O-O 14. a4 c5 15.
a5 Rfb8 16. Na4 Bxa4 17. Rxa4 b5 18. axb6 Rxb6 19. Bd1 Rab8 20. b3 f5 21.
exf5 e4 22. Ng5 N6e5 23. Ne6 Rxb3 24. Bxb3 Nf3+ 25. Ke2 Nxd2 26. Bc2 Nxf1
27. Kxf1 Rb2 28. Rxa6 Rxc2 29. Ra8+ Kf7 30. Ng5+ Kf6 {White resigns} 0-1

[Event "ICCopen2016"]
[Site "Internet Chess Club"]
[Date "2016.06.04"]
[Round "5"]
[White "HouseOfFun"]
[Black "Chanikya"]
[Result "1-0"]
[ICCResult "Black resigns"]
[WhiteElo "2408"]
[BlackElo "2705"]
[Opening "Queen's pawn game, Chigorin variation"]
[ECO "A40"]
[NIC "QO.17"]
[Time "14:43:48"]
[TimeControl "180+0"]

1. d4 Nc6 2. Nf3 d5 3. Bg5 f6 4. Bh4 Nh6 5. e3 Bg4 6. c3 Nf5 7. Bg3 e5 8.
dxe5 Nxg3 9. hxg3 fxe5 10. Be2 Qd7 11. Qa4 e4 12. Ng1 Bxe2 13. Nxe2 Ne5 14.
Qxd7+ Kxd7 15. O-O Bd6 16. Nd2 h5 17. Nf4 c6 18. Rfd1 h4 19. gxh4 Rxh4 20.
g3 Rh6 21. Kg2 g5 22. Ne2 Nd3 23. f3 Rah8 24. Rh1 exf3+ 25. Nxf3 g4 26. Nh2
Nf2 27. Nd4 Nxh1 28. Rxh1 Rh3 29. Ne2 Be5 30. Nf4 Bxf4 31. exf4 R8h5 32. b3
c5 33. a3 Kd6 34. f5 Rxf5 35. Re1 Re5 36. Rxe5 Kxe5 37. Nxg4+ Ke4 38. Kxh3
Kd3 39. Nf6 d4 40. cxd4 cxd4 41. g4 Ke2 42. g5 d3 43. Ne4 Ke3 44. Ng3 Kf2
45. g6 d2 46. Ne4+ Ke3 47. Nxd2 Kxd2 48. g7 Kc3 49. g8=Q Kb2 50. a4 Ka3 51.
Qf7 {Black resigns} 1-0

[Event "ICCopen2016"]
[Site "Internet Chess Club"]
[Date "2016.06.04"]
[Round "5"]
[White "Dan83"]
[Black "ChessGeek"]
[Result "1-0"]
[ICCResult "Black resigns"]
[WhiteElo "1979"]
[BlackElo "1722"]
[Opening "Caro-Kann: Panov-Botvinnik attack, 5...g6"]
[ECO "B14"]
[NIC "CK.03"]
[Time "14:44:31"]
[TimeControl "180+0"]

1. e4 d5 2. exd5 Nf6 3. c4 c6 4. d4 cxd5 5. Nc3 g6 6. cxd5 Nxd5 7. Bc4 Be6
8. Qb3 Nc7 9. d5 Bc8 10. Bf4 Nba6 11. O-O-O Nc5 12. Qa3 b6 13. Nf3 Bg7 14.
d6 exd6 15. Bxd6 Bh6+ 16. Kb1 Bf5+ 17. Ka1 Qc8 18. Ne5 N7e6 19. Bb5+
{Black resigns}
1-0

[Event "ICCopen2016"]
[Site "Internet Chess Club"]
[Date "2016.06.04"]
[Round "5"]
[White "Astaneh"]
[Black "anitak"]
[Result "1-0"]
[ICCResult "Black resigns"]
[WhiteElo "2733"]
[BlackElo "2114"]
[Opening "Queen's gambit declined"]
[ECO "D30"]
[NIC "QP.08"]
[Time "14:44:13"]
[TimeControl "180+0"]

1. d4 d5 2. c4 e6 3. Nf3 Nf6 4. e3 Be7 5. Nc3 Nbd7 6. Bd3 O-O 7. O-O b6 8.
e4 dxe4 9. Nxe4 Bb7 10. Ng3 c5 11. Be3 cxd4 12. Nxd4 Ne5 13. Be2 Rc8 14. b3
Ng6 15. Rc1 Ba3 16. Rc2 Qe7 17. Nb5 Ra8 18. Nxa3 Qxa3 19. Rd2 Qe7 20. Qc2
Rfd8 21. Rfd1 Rxd2 22. Qxd2 Ne4 23. Qd7 Nxg3 24. hxg3 Qxd7 25. Rxd7 Rb8 26.
c5 Ne5 27. Rc7 bxc5 28. Bxc5 a5 29. Ba7 Rc8 30. Rxb7 h6 31. Rb8 Rxb8 32.
Bxb8 Nc6 33. Bc7 Nb4 34. Bxa5 Nxa2 35. Bd2 Kf8 36. Bd3 Ke7 37. Bb1
{Black resigns}
1-0

[Event "ICCopen2016"]
[Site "Internet Chess Club"]
[Date "2016.06.04"]
[Round "5"]
[White "El-Kaiser"]
[Black "TRADE"]
[Result "0-1"]
[ICCResult "White resigns"]
[WhiteElo "2416"]
[BlackElo "2733"]
[Opening "Nimzo-Indian: Reshevsky variation"]
[ECO "E46"]
[NIC "NI.10"]
[Time "14:43:57"]
[TimeControl "180+0"]

1. d4 Nf6 2. c4 e6 3. Nc3 Bb4 4. e3 O-O 5. Ne2 d5 6. a3 Be7 7. Nf4 c6 8.
cxd5 exd5 9. Bd3 Nbd7 10. O-O Re8 11. f3 Nf8 12. Nfe2 Ng6 13. e4 dxe4 14.
fxe4 c5 15. e5 Ng4 16. Bxg6 hxg6 17. Qb3 Be6 18. d5 c4 19. Qxc4 Rc8 20. Qe4
Bc5+ 21. Kh1 Qh4 22. Bf4 Bf5 23. Qf3 Nf2+ 24. Rxf2 Qxf2 25. Qxf2 Bxf2 26.
Rd1 Rcd8 27. h3 Bb6 28. g4 Bc2 29. Rd2 Bb3 30. Kg2 Bc7 31. d6 Ba5 32. Kf3
Be6 33. Nd4 Bb6 34. Na4 Bxd4 35. Rxd4 Bd7 36. Nc5 Bc6+ 37. Kg3 b6 38. Nd3 f6
39. g5 fxe5 40. Nxe5 Bb7 41. Nxg6 Re6 42. Ne7+ Kf7 43. Nf5 Re4 44. Rd3 g6
45. Nh6+ Ke6 46. Ng4 Ba6 47. Rd2 Re2 48. Rd4 Rxb2 49. Nf6 Rb3+ 50. Kg2 Bb7+
51. Kh2 Rxa3 52. d7 Ra2+ 53. Kg3 Rg2+ {White resigns} 0-1

[Event "ICCopen2016"]
[Site "Internet Chess Club"]
[Date "2016.06.04"]
[Round "5"]
[White "lmenezes"]
[Black "santiagoelawad"]
[Result "0-1"]
[ICCResult "White forfeits on time"]
[WhiteElo "1572"]
[BlackElo "1963"]
[Opening "Queen's pawn, Mason variation"]
[ECO "D00"]
[NIC "QP.08"]
[Time "14:44:09"]
[TimeControl "180+0"]

1. d4 d5 2. Bf4 Nf6 3. e3 c6 4. Nf3 Bf5 5. c4 e6 6. Nc3 Nbd7 7. Qb3 Qb6 8.
Qxb6 axb6 9. Be2 Be7 10. O-O O-O 11. h3 h6 12. a3 Bh7 13. Rac1 dxc4 14. Bxc4
Nd5 15. Bg3 b5 16. Be2 N7f6 17. Ne5 b4 18. axb4 Bxb4 19. Nxd5 exd5 20. Ra1
Ne4 21. Bh2 Nd2 22. Rfd1 Bc2 23. Rdc1 Nb3 24. Rxa8 Nxc1 25. Rxf8+ Kxf8 26.
Bf3 Nd3 27. Nxd3 Bxd3 28. Bd1 Ke7 29. f3 Bd2 30. Kf2 f5 31. Bb8 Bc1 32. b3
Bd2 33. Ba7 Kd7 34. Bb6 f4 35. e4 dxe4 36. fxe4 Bxe4 37. Bf3 Be3+ 38. Ke2
Bc2 39. Kf1 Bxb3 {White forfeits on time} 0-1

[Event "ICCopen2016"]
[Site "Internet Chess Club"]
[Date "2016.06.04"]
[Round "5"]
[White "AaronArrowood"]
[Black "Desotojags"]
[Result "1-0"]
[ICCResult "Black forfeits on time"]
[WhiteElo "1792"]
[BlackElo "1469"]
[Opening "Mieses opening"]
[ECO "A00"]
[NIC "VO.13"]
[Time "14:43:50"]
[TimeControl "180+0"]

1. d3 d5 2. g3 e5 3. Bg2 c6 4. Nd2 Nf6 5. e3 Bd6 6. Ne2 Bg4 7. h3 Be6 8. g4
Nbd7 9. b3 a5 10. Bb2 O-O 11. O-O Bxg4 12. hxg4 Nxg4 13. Nf3 f5 14. Ng3 f4
15. Nxe5 Ngxe5 16. exf4 Rxf4 17. Qh5 Rh4 18. Qf5 Qe7 19. Rae1 Rf8 20. f4
Rxf5 21. Nxf5 Nf3+ 22. Bxf3 Qf7 23. Nxd6 Qg6+ 24. Bg2 Qg3 25. Nf5 Qh2+ 26.
Kf2 Rxf4+ 27. Ke3 Rxf5 28. Rxf5 Qxg2 29. Rf2 Qg5+ 30. Ke2 Nf6 31. Bxf6 gxf6
32. Ref1 Qg4+ 33. Kd2 Qg5+ 34. Kc3 b5 35. Rxf6 {Black forfeits on time} 1-0

[Event "ICCopen2016"]
[Site "Internet Chess Club"]
[Date "2016.06.04"]
[Round "5"]
[White "RonJB"]
[Black "HeyBooBooULose"]
[Result "1-0"]
[ICCResult "Black checkmated"]
[WhiteElo "1638"]
[BlackElo "1323"]
[Opening "Queen's pawn, Mason variation"]
[ECO "D00"]
[NIC "QP.08"]
[Time "14:45:15"]
[TimeControl "180+0"]

1. d4 d5 2. Bf4 Bf5 3. Nf3 Nf6 4. c3 c6 5. e3 e6 6. Qb3 Qb6 7. Nbd2 Nbd7 8.
Be2 Be7 9. O-O O-O 10. Rfc1 Rac8 11. c4 Ne4 12. c5 Qxb3 13. axb3 Nxd2 14.
Nxd2 Nf6 15. Rxa7 Nh5 16. Bg3 Nxg3 17. hxg3 Rc7 18. b4 Bf6 19. b5 cxb5 20.
Bxb5 Rfc8 21. b4 e5 22. Nb3 exd4 23. Nxd4 Bxd4 24. exd4 Re7 25. Bf1 Rb8 26.
b5 Bc8 27. c6 Rc7 28. Be2 Kf8 29. Bf3 Be6 30. Kh2 Ke7 31. b6 Rxc6 32. Rxc6
Kf6 33. Rc7 Bc8 34. Bxd5 h6 35. Bxb7 Bxb7 36. Raxb7 Ra8 37. Rxf7+ Kg5 38.
Rxg7+ Kh5 39. Rbf7 Ra5 40. b7 Rb5 41. Kh3 Rxb7 42. g4# {Black checkmated}
1-0

[Event "ICCopen2016"]
[Site "Internet Chess Club"]
[Date "2016.06.04"]
[Round "5"]
[White "atilycsy"]
[Black "chadvalley"]
[Result "1-0"]
[ICCResult "Black resigns"]
[WhiteElo "1592"]
[BlackElo "1231"]
[Opening "Queen's gambit accepted"]
[ECO "D20"]
[NIC "QG.03"]
[Time "14:44:11"]
[TimeControl "180+0"]

1. d4 d5 2. c4 dxc4 3. e3 e6 4. Nf3 Nc6 5. Nc3 Nf6 6. Bxc4 Be7 7. O-O O-O 8.
Re1 a6 9. b3 Bd7 10. Bb2 b5 11. Bd3 Nb4 12. a3 Nxd3 13. Qxd3 Re8 14. e4 Bc6
15. Rac1 Bd7 16. e5 Nd5 17. Nxd5 exd5 18. Rc2 c6 19. Rec1 Rc8 20. a4 Bg4 21.
axb5 axb5 22. h3 Bxf3 23. Qxf3 Qd7 24. Qe3 Qe6 25. f4 Rc7 26. g4 Rec8 27. f5
Qd7 28. Rf1 Qd8 29. Rcf2 Bg5 30. Qf3 f6 31. e6 Re7 32. Rc1 Qa5 33. Rfc2 Qa6
34. Rd1 Qb7 35. Rd3 Qb8 36. Rdc3 Qb7 37. Ba3 Ree8 38. e7 Qb8 39. Kg2 Qf4 40.
Qxf4 Bxf4 41. Rxc6 Rxc6 42. Rxc6 Kf7 43. Rb6 Be3 44. Rxb5 Bxd4 45. Rxd5 Bc3
46. Rd8 Be5 47. Bc5 Rxe7 48. Bxe7 Kxe7 49. Rd5 Ke8 50. b4 Bc3 51. b5 Be5 52.
b6 Bb8 53. b7 Ke7 54. Rc5 Kd7 55. Rc8 Bc7 56. b8=Q Bxb8 57. Rxb8 {Black
resigns} 1-0

[Event "ICCopen2016"]
[Site "Internet Chess Club"]
[Date "2016.06.04"]
[Round "5"]
[White "aplusk"]
[Black "Danya"]
[Result "1-0"]
[ICCResult "Black resigns"]
[WhiteElo "2866"]
[BlackElo "3022"]
[Opening "Evans gambit: Cordel variation"]
[ECO "C51"]
[NIC "IG.05"]
[Time "14:44:22"]
[TimeControl "180+0"]

1. e4 e5 2. Nf3 Nc6 3. Bc4 Bc5 4. b4 Bxb4 5. c3 Be7 6. d4 Na5 7. Bd3 d6 8.
dxe5 dxe5 9. Nxe5 Nf6 10. O-O O-O 11. Qc2 c6 12. f4 Qc7 13. Kh1 Rd8 14. Nd2
b5 15. Ndf3 c5 16. Bxb5 Bb7 17. Ng5 h6 18. Nexf7 hxg5 19. Nxg5 Qb6 20. Rb1
Nxe4 21. Nxe4 Qe6 22. Ng3 c4 23. f5 Qf7 24. Bf4 Bf6 25. Ne4 Rd3 26. Nxf6+
gxf6 27. Rbe1 Rad8 28. Re6 Bc8 29. Qe2 Bxe6 30. fxe6 Qe7 31. h3 Nb7 32. Qg4+
Kh8 33. Bxc4 Rxc3 34. Bb3 Nc5 35. Qh4+ Qh7 36. Qxf6+ Qg7 37. Qxg7+ Kxg7 38.
Be5+ Kg6 39. Bxc3 Ne4 40. Bc2 {Black resigns} 1-0

[Event "ICCopen2016"]
[Site "Internet Chess Club"]
[Date "2016.06.04"]
[Round "5"]
[White "Commando"]
[Black "GodspeedR8"]
[Result "1-0"]
[ICCResult "Black resigns"]
[WhiteElo "2643"]
[BlackElo "1942"]
[Opening "Sicilian: closed, 2...Nc6"]
[ECO "B23"]
[NIC "SI.44"]
[Time "14:44:59"]
[TimeControl "180+0"]

1. e4 c5 2. Nc3 Nc6 3. Bb5 Nd4 4. Bc4 e6 5. Nge2 Nc6 6. d4 cxd4 7. Nxd4 Nxd4
8. Qxd4 d6 9. O-O Nf6 10. Rd1 e5 11. Qd3 Be6 12. Bb5+ Nd7 13. f4 a6 14. f5
axb5 15. fxe6 fxe6 16. Nxb5 Ra6 17. Qc4 Be7 18. Nc7+ Kf7 19. Qxe6+ Kf8 20.
Qf5+ Kg8 21. Qe6+ Kf8 22. Nxa6 bxa6 23. Rxd6 Bxd6 24. Qxd6+ Qe7 25. Qxa6 Kf7
26. Qc4+ Qe6 27. Qxe6+ Kxe6 28. Be3 Rc8 29. c3 Rc4 30. a4 Rxe4 31. Kf2 Nf6
32. Kf3 Rc4 33. a5 e4+ 34. Ke2 Rc8 35. a6 Nd5 36. a7 Ra8 37. c4 Nb4 38. Ra4
Nc6 39. b4 Ne5 40. b5 Kd6 41. c5+ Kc7 42. Bf4 Kb7 43. Bxe5 {Black resigns}
1-0

[Event "ICCopen2016"]
[Site "Internet Chess Club"]
[Date "2016.06.04"]
[Round "5"]
[White "Yedixon"]
[Black "kofigan"]
[Result "1-0"]
[ICCResult "Black resigns"]
[WhiteElo "1257"]
[BlackElo "1160"]
[Opening "Ruy Lopez: Graz variation"]
[ECO "C70"]
[NIC "RL.09"]
[Time "14:45:27"]
[TimeControl "180+0"]

1. e4 e5 2. Nf3 Nc6 3. Bb5 a6 4. Ba4 b5 5. Bb3 Bc5 6. c3 Nf6 7. O-O Nxe4 8.
Re1 d5 9. d4 exd4 10. cxd4 Bb4 11. Nc3 Bxc3 12. bxc3 O-O 13. Qc2 Nf6 14. Bg5
Qd6 15. Bxf6 gxf6 16. Re3 Bg4 17. Rae1 Bh5 18. Nh4 Bg6 19. Rg3 Kh8 20. Nxg6+
fxg6 21. Rxg6 hxg6 22. Qxg6 Qd7 23. Bxd5 Qxd5 24. Re3 Qg5 25. Rh3+
{Black resigns}
1-0

[Event "ICCopen2016"]
[Site "Internet Chess Club"]
[Date "2016.06.04"]
[Round "5"]
[White "K4"]
[Black "bullbuffalo"]
[Result "1-0"]
[ICCResult "Black resigns"]
[WhiteElo "1357"]
[BlackElo "1305"]
[Opening "Queen's pawn game"]
[ECO "E20"]
[NIC "QP.07"]
[Time "14:44:14"]
[TimeControl "180+0"]

1. d4 Nf6 2. c4 e6 3. Nc3 a6 4. e4 c5 5. d5 b6 6. Bg5 h6 7. Bh4 Be7 8. Nf3
Qc7 9. Bd3 Bb7 10. O-O g5 11. Bg3 Bd6 12. e5 Be7 13. exf6 Qd8 14. fxe7 Qxe7
15. Re1 h5 16. dxe6 fxe6 17. Nd5 Bxd5 18. cxd5 g4 19. Ne5 O-O 20. Ng6 Qf7
21. Nxf8 Kxf8 22. Re3 exd5 23. h3 Nc6 24. Bd6+ Ne7 25. Bxe7+ Qxe7 26. Rxe7
Kxe7 27. Qe2+ Kd6 28. Re1 gxh3 29. gxh3 Rg8+ 30. Kh2 h4 31. Qh5 Kc7 32. Qe5+
Kc6 33. Bf5 Rd8 34. Qf6+ Kc7 35. Re7 d4 36. Rxd7+ Rxd7 37. Bxd7 Kxd7 38.
Qxh4 Kc7 39. Qf6 a5 40. h4 b5 41. h5 c4 42. h6 d3 43. h7 d2 44. h8=Q d1=Q
45. Qh7+ Qd7 46. Qxd7+ Kxd7 47. Kg3 b4 48. Kf4 a4 49. Ke4 c3 50. bxc3 bxc3
51. Qxc3 a3 52. Qxa3 Ke6 53. Qc5 {Black resigns} 1-0

[Event "ICCopen2016"]
[Site "Internet Chess Club"]
[Date "2016.06.04"]
[Round "5"]
[White "Astigmatist"]
[Black "abroz"]
[Result "0-1"]
[ICCResult "White resigns"]
[WhiteElo "1985"]
[BlackElo "2547"]
[Opening "Sicilian defense"]
[ECO "B40"]
[NIC "SI.43"]
[Time "14:44:33"]
[TimeControl "180+0"]

1. e4 c5 2. Nf3 e6 3. g3 Nc6 4. Bg2 g6 5. O-O Bg7 6. c3 Nge7 7. Re1 O-O 8.
d4 cxd4 9. cxd4 d5 10. exd5 Nxd5 11. Nc3 Nxc3 12. bxc3 Na5 13. Rb1 Bd7 14.
Ne5 Be8 15. Ba3 Rc8 16. Bxf8 Bxf8 17. Qd2 b6 18. h4 h5 19. Rbc1 Kh7 20. Qf4
Bh6 21. Qf3 Bxc1 22. Rxc1 Kg7 23. Qf4 Qf6 24. Qe3 Qe7 25. Bf3 Qa3 26. Bxh5
gxh5 27. Qg5+ Kf8 28. Re1 Qxc3 29. Re3 Qxd4 30. Qf6 Rc1+ 31. Kh2 Nc6 32.
Ng6+ Kg8 33. Ne5 Nxe5 34. Qg5+ Kf8 35. Qh6+ Ke7 36. Qg5+ Kd6 {White resigns}
0-1

[Event "ICCopen2016"]
[Site "Internet Chess Club"]
[Date "2016.06.04"]
[Round "5"]
[White "JavaChessMan"]
[Black "pulpocybort"]
[Result "0-1"]
[ICCResult "White forfeits on time"]
[WhiteElo "1912"]
[BlackElo "1652"]
[Opening "Sicilian: accelerated fianchetto, Maróczy bind"]
[ECO "B36"]
[NIC "SI.33"]
[Time "14:43:47"]
[TimeControl "180+0"]

1. e4 c5 2. Nf3 Nc6 3. d4 cxd4 4. Nxd4 g6 5. c4 Nf6 6. Nc3 d6 7. Be2 Nxd4 8.
Qxd4 Bg7 9. Bg5 O-O 10. Qd2 a5 11. Rc1 a4 12. f3 Be6 13. O-O Qa5 14. Rfd1
Rfc8 15. Nd5 Qxd2 16. Bxd2 Bxd5 17. cxd5 Nd7 18. Rxc8+ Rxc8 19. Rc1 Rxc1+
20. Bxc1 Nc5 21. Bb5 Kf8 22. Kf1 e6 23. dxe6 fxe6 24. Ke2 Bf6 25. Kd1 Ke7
26. Kc2 d5 27. exd5 exd5 28. b4 axb3+ 29. axb3 Be5 30. g3 Kd6 31. Ba3 b6 32.
Be8 g5 33. Bf7 h6 34. Bc1 Kc6 35. f4 gxf4 36. gxf4 Bd6 37. f5 Bxh2 38. Bxh6
Be5 39. Bg6 Ne4 40. Bf8 Bf6 41. b4 Nd6 42. Bxd6 Kxd6 43. Kd3 Kc6 44. Ke3 Kb5
45. Bf7 Kc4 46. Kf4 Kd4 47. b5 Kc5 48. Be6 d4 49. Bb3 Kxb5
{White forfeits on time}
0-1

[Event "ICCopen2016"]
[Site "Internet Chess Club"]
[Date "2016.06.04"]
[Round "5"]
[White "SPARNALIQ"]
[Black "Platyborg"]
[Result "1-0"]
[ICCResult "Black checkmated"]
[WhiteElo "2886"]
[BlackElo "2928"]
[Opening "Sicilian defense"]
[ECO "B40"]
[NIC "SI.43"]
[Time "14:44:38"]
[TimeControl "180+0"]

1. e4 c5 2. Nf3 e6 3. c3 Nf6 4. e5 Nd5 5. d4 cxd4 6. cxd4 b6 7. Nc3 Nxc3 8.
bxc3 Qc7 9. Bd2 Bb7 10. Bd3 d6 11. O-O Nd7 12. Re1 Be7 13. Ng5 dxe5 14. Qh5
g6 15. Qh6 Bf6 16. dxe5 Bxe5 17. Bb5 Bc6 18. Ba6 Nc5 19. Bf1 O-O-O 20. Rxe5
Rxd2 21. Rxc5 bxc5 22. Nxf7 Qxf7 23. Qxd2 Rd8 24. Qe3 Qf5 25. Re1 Rd6 26.
Bc4 Kd7 27. h3 g5 28. Be2 Qd5 29. Bf3 Qd3 30. Qxc5 Bxf3 31. Qxa7+ Kc6 32.
gxf3 Qf5 33. Kg2 h5 34. Re4 Rd5 35. Rc4+ Kd6 36. Qc7# {Black checkmated} 1-0

[Event "ICCopen2016"]
[Site "Internet Chess Club"]
[Date "2016.06.04"]
[Round "5"]
[White "whiteshark"]
[Black "RussianCowboy"]
[Result "1-0"]
[ICCResult "Black checkmated"]
[WhiteElo "2539"]
[BlackElo "2052"]
[Opening "Philidor: Improved Hanham variation"]
[ECO "B07"]
[NIC "PU.08"]
[Time "14:45:16"]
[TimeControl "180+0"]

1. e4 d6 2. d4 Nf6 3. Nc3 e5 4. Nf3 Nbd7 5. Bc4 Be7 6. O-O O-O 7. h3 c6 8.
Re1 b5 9. Bb3 a6 10. a4 b4 11. Na2 a5 12. c3 bxc3 13. bxc3 Rb8 14. Bg5 Qc7
15. Nc1 Re8 16. Nd3 Ba6 17. Rb1 c5 18. dxe5 dxe5 19. Bxf6 Bxf6 20. Bd5 c4
21. Rxb8 Rxb8 22. Nc1 Nb6 23. Ne2 Rd8 24. Ng3 g6 25. Nh2 Bg7 26. Qf3 Nxd5
27. exd5 f5 28. Rd1 e4 29. Qe3 f4 30. Qxe4 fxg3 31. fxg3 Bb7 32. Ng4 Qc5+
33. Ne3 Bxc3 34. Qe6+ Kh8 35. Kh2 Bd4 36. d6 Qe5 37. Qe7 Rxd6 38. Qf8#
{Black checkmated}
1-0